[ AOE2 MATCH · #497616360 ]
UnrankedCelts vs Georgians
Player's team · LOSS
[ REPLAY ANALYSIS · EXTRACTED FROM THE RECORDED GAME ]
Feudal
7:11
Castle
10:41
Imperial
—
| APM avg | 33.9 |
| APM peak | 81 |
| eAPM avg | 13.9 |
| Villagers / military | 97 / 4 |
Focus
⚔️ 14.5% · 🌾 85.5%
Spearman ×2 · Woad Raider ×2
Feudal
7:36
Castle
11:06
Imperial
—
| APM avg | 50.8 |
| APM peak | 91 |
| eAPM avg | 23.3 |
| Villagers / military | 98 / 11 |
Focus
⚔️ 19.6% · 🌾 80.4%
Monaspa ×9 · Monk ×2
Match map
Initial resources + every placement click. Lines = walls · curves = elevation contours. ◆ gold · ⬟ stone · ● berries · ✦ relic · ◌ wall gap
Your base· ✓ Closed at 10:41 · 0t walls · 7 gate(s)
Deaf Vader's base· ✓ Closed at 11:06 · 0t walls · 9 gate(s)
Smoothed initial terrain · ◌ = detected wall gap · hover for details
Inputs per minute
— Orca17 - - Deaf Vader
Build order — Orca17
First 150 of 170 actions detected
| 0:00 | Queue | Villager (Male) |
| 0:00 | Queue | Villager (Male) |
| 0:01 | Queue | Villager (Male) |
| 0:01 | Queue | Villager (Male) |
| 0:05 | Build | Mill |
| 0:36 | Build | Lumber Camp |
| 0:58 | Queue | Villager (Male) |
| 1:34 | Queue | Villager (Male) |
| 1:34 | Queue | Villager (Male) |
| 2:00 | Queue | Villager (Male) |
| 2:14 | Queue | Villager (Male) |
| 2:14 | Queue | Villager (Male) |
| 3:19 | Queue | Villager (Male) ×4 |
| 4:43 | Build | Farm |
| 4:49 | Build | Mining Camp |
| 5:01 | Research | Feudal Age |
| 5:01 | Research | Feudal Age |
| 5:11 | Build | Farm |
| 5:14 | Build | Farm |
| 5:37 | Build | Farm |
| 5:40 | Build | Farm |
| 6:40 | Queue | Villager (Male) |
| 6:40 | Queue | Villager (Male) |
| 7:11 | Age | Feudal Age |
| 7:12 | Build | Market |
| 7:14 | Build | Blacksmith |
| 7:59 | Research | Castle Age |
| 8:00 | Research | Castle Age |
| 8:29 | Research | Double-Bit Axe |
| 8:29 | Research | Double-Bit Axe |
| 9:04 | Research | Horse Collar |
| 9:36 | Queue | Villager (Male) |
| 9:36 | Queue | Villager (Male) |
| 10:41 | Age | Castle Age |
| 10:44 | Build | Town Center |
| 10:48 | Research | Bow Saw |
| 11:00 | Research | Heavy Plow |
| 11:18 | Queue | Villager (Male) |
| 11:34 | Build | Town Center |
| 11:44 | Queue | Villager (Male) |
| 11:50 | Research | Heavy Plow |
| 12:00 | Queue | Villager (Male) |
| 12:16 | Queue | Villager (Male) |
| 12:18 | Queue | Villager (Male) |
| 12:38 | Queue | Villager (Male) |
| 12:39 | Build | Farm |
| 12:44 | Build | Farm |
| 12:49 | Queue | Villager (Male) |
| 12:53 | Build | Farm |
| 12:56 | Queue | Villager (Male) |
| 12:59 | Queue | Villager (Male) |
| 12:59 | Queue | Villager (Male) |
| 13:01 | Build | Farm |
| 13:05 | Build | Farm |
| 13:18 | Build | Farm |
| 13:24 | Queue | Villager (Male) |
| 13:28 | Build | Farm |
| 13:31 | Build | Farm |
| 13:40 | Queue | Villager (Male) |
| 13:40 | Queue | Villager (Male) |
| 13:48 | Queue | Villager (Male) |
| 13:52 | Build | Farm |
| 13:56 | Build | Farm |
| 14:02 | Queue | Villager (Male) |
| 14:03 | Queue | Villager (Male) |
| 14:05 | Build | Farm |
| 14:07 | Build | Farm |
| 14:13 | Queue | Villager (Male) |
| 14:13 | Queue | Villager (Male) |
| 14:16 | Build | Farm |
| 14:20 | Queue | Villager (Male) |
| 14:28 | Queue | Villager (Male) |
| 14:28 | Queue | Villager (Male) |
| 14:32 | Queue | Villager (Male) |
| 14:40 | Queue | Villager (Male) |
| 14:55 | Queue | Villager (Male) |
| 14:55 | Queue | Villager (Male) |
| 14:56 | Queue | Villager (Male) |
| 15:03 | Build | Town Center |
| 15:07 | Queue | Villager (Male) |
| 15:08 | Queue | Villager (Male) |
| 15:10 | Queue | Villager (Male) |
| 15:15 | Build | Farm |
| 15:19 | Queue | Villager (Male) |
| 15:21 | Build | Farm |
| 15:24 | Queue | Villager (Male) |
| 15:32 | Build | House |
| 15:32 | Build | House |
| 15:35 | Queue | Villager (Male) |
| 15:43 | Queue | Villager (Male) |
| 15:43 | Queue | Villager (Male) |
| 15:49 | Queue | Villager (Male) |
| 15:50 | Build | Farm |
| 15:54 | Queue | Villager (Male) |
| 16:02 | Build | Farm |
| 16:05 | Queue | Villager (Male) |
| 16:06 | Queue | Villager (Male) |
| 16:10 | Queue | Villager (Male) |
| 16:14 | Build | Farm |
| 16:17 | Build | Farm |
| 16:18 | Build | Farm |
| 16:19 | Queue | Villager (Male) |
| 16:19 | Queue | Villager (Male) |
| 16:24 | Build | Farm |
| 16:24 | Queue | Villager (Male) |
| 16:25 | Queue | Villager (Male) |
| 16:31 | Build | House |
| 16:34 | Queue | Villager (Male) |
| 16:39 | Build | Farm |
| 16:42 | Queue | Villager (Male) |
| 16:43 | Queue | Villager (Male) |
| 16:46 | Queue | Villager (Male) |
| 16:53 | Build | Farm |
| 16:58 | Queue | Villager (Male) |
| 16:58 | Queue | Villager (Male) |
| 17:03 | Queue | Villager (Male) |
| 17:04 | Build | Farm |
| 17:09 | Build | Farm |
| 17:12 | Queue | Villager (Male) |
| 17:12 | Queue | Villager (Male) |
| 17:12 | Queue | Villager (Male) |
| 17:15 | Build | House |
| 17:20 | Queue | Villager (Male) |
| 17:28 | Queue | Villager (Male) |
| 17:28 | Queue | Villager (Male) |
| 17:34 | Queue | Villager (Male) |
| 17:35 | Queue | Villager (Male) |
| 17:35 | Queue | Villager (Male) |
| 17:36 | Build | Farm |
| 17:38 | Queue | Villager (Male) |
| 17:38 | Queue | Villager (Male) |
| 17:41 | Build | Farm |
| 17:43 | Build | Farm |
| 17:49 | Build | House |
| 17:51 | Queue | Villager (Male) |
| 17:51 | Queue | Villager (Male) |
| 17:52 | Research | Loom |
| 18:05 | Research | Wheelbarrow |
| 18:09 | Queue | Villager (Male) |
| 18:12 | Build | Farm |
| 18:16 | Build | Farm |
| 18:16 | Build | Farm |
| 18:17 | Build | Farm |
| 18:17 | Build | Farm |
| 18:20 | Queue | Villager (Male) |
| 18:20 | Queue | Villager (Male) |
| 18:24 | Build | House |
| 18:31 | Queue | Villager (Male) |
| 18:39 | Queue | Villager (Male) |
| 18:54 | Queue | Villager (Male) |
Build order — Deaf Vader
First 150 of 174 actions detected
| 0:01 | Queue | Villager (Male) ×4 |
| 0:01 | Queue | Villager (Male) ×4 |
| 0:14 | Build | Mill |
| 0:57 | Queue | Villager (Male) |
| 0:57 | Queue | Villager (Male) |
| 1:38 | Queue | Villager (Male) |
| 1:39 | Queue | Villager (Male) |
| 2:50 | Queue | Villager (Male) |
| 3:17 | Queue | Villager (Male) |
| 3:41 | Queue | Villager (Male) |
| 4:07 | Queue | Villager (Male) |
| 4:21 | Build | Farm |
| 4:22 | Build | Farm |
| 4:25 | Build | Farm |
| 4:25 | Build | Farm |
| 4:31 | Queue | Villager (Male) |
| 4:33 | Build | Farm |
| 4:48 | Queue | Villager (Male) |
| 4:48 | Research | Feudal Age |
| 5:25 | Build | Mule Cart |
| 7:08 | Queue | Villager (Male) |
| 7:08 | Queue | Villager (Male) |
| 7:36 | Age | Feudal Age |
| 7:38 | Build | Market |
| 7:43 | Build | Blacksmith |
| 8:24 | Research | Castle Age |
| 8:25 | Research | Castle Age |
| 8:30 | Research | Double-Bit Axe |
| 8:30 | Research | Double-Bit Axe |
| 9:27 | Research | Horse Collar |
| 10:41 | Queue | Villager (Male) |
| 11:06 | Age | Castle Age |
| 11:11 | Build | Town Center |
| 11:16 | Build | Town Center |
| 11:21 | Research | Bow Saw |
| 11:21 | Research | Bow Saw |
| 11:21 | Queue | Villager (Male) |
| 11:51 | Queue | Villager (Male) |
| 12:11 | Queue | Villager (Male) |
| 12:18 | Build | Monastery |
| 12:40 | Queue | Villager (Male) |
| 12:48 | Queue | Villager (Male) |
| 12:48 | Queue | Villager (Male) |
| 12:48 | Queue | Villager (Male) |
| 12:52 | Queue | Villager (Male) |
| 12:53 | Queue | Villager (Male) |
| 12:53 | Queue | Villager (Male) |
| 13:05 | Build | Farm |
| 13:11 | Queue | Monk |
| 13:18 | Build | Farm |
| 13:20 | Build | Farm |
| 13:25 | Queue | Villager (Male) |
| 13:25 | Queue | Villager (Male) |
| 13:25 | Queue | Villager (Male) |
| 13:37 | Build | Farm |
| 13:39 | Build | Farm |
| 13:41 | Build | Farm |
| 13:46 | Queue | Villager (Male) |
| 13:46 | Queue | Villager (Male) |
| 13:49 | Build | Farm |
| 14:00 | Queue | Villager (Male) |
| 14:01 | Queue | Villager (Male) |
| 14:11 | Build | Farm |
| 14:22 | Queue | Villager (Male) |
| 14:22 | Queue | Villager (Male) |
| 14:22 | Queue | Villager (Male) |
| 14:33 | Build | Farm |
| 14:33 | Build | Farm |
| 14:37 | Build | Farm |
| 14:39 | Build | Farm |
| 14:41 | Queue | Villager (Male) |
| 14:54 | Queue | Villager (Male) |
| 14:54 | Queue | Villager (Male) |
| 14:55 | Queue | Villager (Male) |
| 15:00 | Build | Farm |
| 15:01 | Build | Farm |
| 15:11 | Queue | Villager (Male) |
| 15:11 | Queue | Villager (Male) |
| 15:11 | Queue | Villager (Male) |
| 15:25 | Queue | Villager (Male) |
| 15:26 | Queue | Villager (Male) |
| 15:30 | Build | Farm |
| 15:31 | Build | Farm |
| 15:32 | Build | Farm |
| 15:42 | Queue | Villager (Male) |
| 15:42 | Queue | Villager (Male) |
| 15:47 | Build | House |
| 15:48 | Build | House |
| 15:48 | Build | House |
| 15:48 | Build | House |
| 15:57 | Build | House |
| 15:57 | Build | House |
| 16:04 | Build | Monastery |
| 16:12 | Queue | Villager (Male) |
| 16:12 | Queue | Villager (Male) |
| 16:16 | Research | Wheelbarrow |
| 16:17 | Research | Heavy Plow |
| 16:17 | Research | Heavy Plow |
| 16:18 | Queue | Villager (Male) |
| 16:19 | Queue | Villager (Male) |
| 16:21 | Queue | Villager (Male) |
| 16:21 | Queue | Villager (Male) |
| 16:37 | Queue | Monk |
| 16:41 | Queue | Villager (Male) |
| 16:41 | Queue | Villager (Male) |
| 16:43 | Build | Farm |
| 16:54 | Build | House |
| 16:55 | Build | House |
| 17:02 | Queue | Villager (Male) |
| 17:02 | Queue | Villager (Male) |
| 17:13 | Build | Town Center |
| 17:24 | Build | Farm |
| 17:25 | Build | Farm |
| 17:26 | Queue | Villager (Male) |
| 17:26 | Queue | Villager (Male) |
| 17:27 | Queue | Villager (Male) |
| 17:41 | Build | Monastery |
| 17:43 | Queue | Villager (Male) |
| 17:44 | Queue | Villager (Male) |
| 17:44 | Queue | Villager (Male) |
| 17:48 | Build | Farm |
| 17:56 | Queue | Villager (Male) |
| 17:56 | Queue | Villager (Male) |
| 18:00 | Research | Hand Cart |
| 18:11 | Queue | Villager (Male) |
| 18:11 | Queue | Villager (Male) |
| 18:13 | Build | House |
| 18:13 | Build | House |
| 18:13 | Build | House |
| 18:23 | Queue | Villager (Male) |
| 18:23 | Queue | Villager (Male) |
| 18:54 | Queue | Villager (Male) |
| 18:55 | Queue | Villager (Male) |
| 18:55 | Queue | Villager (Male) |
| 18:55 | Queue | Villager (Male) |
| 19:02 | Build | Farm |
| 19:02 | Build | Farm |
| 19:03 | Build | Farm |
| 19:14 | Research | Loom |
| 19:14 | Research | Town Watch |
| 19:16 | Build | Outpost |
| 19:17 | Build | Outpost |
| 19:17 | Build | Outpost |
| 19:26 | Build | University |
| 19:37 | Queue | Villager (Male) |
| 19:37 | Queue | Villager (Male) |
| 20:01 | Queue | Monaspa |
| 20:01 | Queue | Monaspa |
| 20:02 | Queue | Villager (Male) |
| 20:02 | Queue | Villager (Male) |
Match timeline
| 7:11 | Orca17 · age_up feudal |
| 7:36 | Deaf Vader · age_up feudal |
| 10:41 | Orca17 · age_up castle |
| 10:54 | Deaf Vader · first_market_sell 100 food |
| 10:55 | Deaf Vader · first_market_buy 100 wood |
| 11:06 | Deaf Vader · age_up castle |
| 11:21 | Orca17 · first_market_buy 100 wood |
| 12:18 | Deaf Vader · first_building Monastery |
| 19:19 | Orca17 · first_market_sell 500 wood |
| 20:27 | Orca17 · first_building Castle |
| 20:47 | Deaf Vader · first_building Castle |
| 21:24 | Orca17 · resign |
[ AI ANALYSIS · 1 CREDIT ]
What really happened in this match?
Wolo.gg analyzes every decision: build order, eco, micro, common mistakes by bracket. Personalized analysis on WhatsApp or Discord in 30 seconds.
Civ guide
Celts
Perfil
Acro17 (Orca17)